[Event "Tuesday 24 April Rapid Engine Tour 12+1 Rounds 9 Starts 1600ST"]
[Site "Infinity Chess"]
[Date "2018.4.24"]
[Round "3"]
[White "hafaba"]
[Black "ocirema"]
[Result "1/2-1/2"]
[ECO "E15"]
[WhiteElo "2438"]
[BlackElo "2442"]
[WhiteEngine "Eman 1.70-beta21 64-bit POPCNT_CTG"]
[BlackEngine "Eman 1.70-beta21 64-bit POPCNT"]
[EventType "Swiss"]
[WhiteTeam ""]
[BlackTeam ""]
[PlyCount "171"]
[TimeControl "720+1"]

1. d4 Nf6 2. c4 e6 3. Nf3 b6 4. g3 Ba6 5. b3 Bb4+ 6. Bd2 Be7 7. Bg2 O-O 
8. O-O d5 9. cxd5 Nxd5 10. Nc3 Nd7 11. Nxd5 exd5 12. Rc1 c5 13. Be3 Re8 
14. Re1 h6 15. dxc5 Nxc5 16. Nd4 Qd7 17. Qc2 Bf6 18. Qf5 Rad8 19. Qxd7 Rxd7 
20. Bf3 Ne6 21. Bg4 Be5 22. Nc6 Bd6 23. Red1 Rc7 24. b4 Bf8 25. a3 Rec8 
26. b5 Bxb5 27. Nxa7 Rxc1 28. Bxc1 Rc5 29. Nxb5 Rxb5 30. Bf5 d4 31. Bc2 Rc5 
32. Bd3 Ra5 33. Kg2 h5 34. Bc4 Rc5 35. Bd3 Ra5 36. Bc4 Rc5 37. Bb3 Rc3 
38. Bxe6 fxe6 39. Bb2 Rc2 40. Bxd4 Bxa3 41. Kf3 b5 42. Rb1 Rc4 43. Be5 Rc5 
44. Kf4 g5+ 45. Ke4 Rd5 46. h3 Bf8 47. e3 Bg7 48. Bxg7 Kxg7 49. f3 Kf6 50. f4 g4 
51. h4 Ke7 52. Rb4 Kd7 53. Rb1 Kd6 54. Rb2 Ke7 55. Rb3 Kf7 56. Rb1 Kf6 
57. Rb4 Rc5 58. Kd3 e5 59. Rb1 Ke6 60. Rb2 exf4 61. exf4 Kd5 62. Rb3 Ke6 
63. Rb4 Rf5 64. Re4+ Kd6 65. Re1 Rc5 66. Ke4 b4 67. Rb1 Rb5 68. Kd3 Rb8 
69. Kd4 Ke6 70. Rb2 Kf5 71. Rb1 b3 72. Kc3 Rc8+ 73. Kxb3 Rb8+ 74. Ka2 Ra8+ 
75. Kb2 Ke4 76. Rf1 Rb8+ 77. Kc2 Rc8+ 78. Kd2 Ra8 79. f5 Ra2+ 80. Kc3 Ra3+ 
81. Kc2 Rf3 82. Rxf3 gxf3 83. Kd2 f2 84. Ke2 f1=Q+ 85. Kxf1 Kxf5 86. Kg1 1/2-1/2

[Event "Tuesday 24 April Rapid Engine Tour 12+1 Rounds 9 Starts 1600ST"]
[Site "Infinity Chess"]
[Date "2018.4.24"]
[Round "3"]
[White "MarioDeMonti"]
[Black "SkyPilot"]
[Result "1/2-1/2"]
[ECO "C55"]
[WhiteElo "2450"]
[BlackElo "2455"]
[WhiteEngine "stockfish_x64_bmi2_2018_02_18_CTG"]
[BlackEngine "stockfish_x64_bmi2_2018_04_07_CTG"]
[EventType "Swiss"]
[WhiteTeam ""]
[BlackTeam ""]
[PlyCount "124"]
[TimeControl "720+1"]

1. e4 e5 2. Nf3 Nc6 3. Bc4 Nf6 4. d3 Bc5 5. c3 d6 6. O-O O-O 7. h3 a5 
8. Nbd2 Be6 9. Bb5 h6 10. Re1 Qb8 11. Nf1 Qa7 12. Qe2 a4 13. Ng3 Qb6 
14. Bc4 Bxc4 15. dxc4 Ne7 16. Nh4 Kh7 17. Nhf5 Nxf5 18. Nxf5 Ng8 19. Be3 g6 
20. Bxc5 Qxc5 21. Ne3 Nf6 22. f3 Kg7 23. Kh2 Ra5 24. Red1 Qc6 25. Nd5 h5 
26. Rf1 Qd7 27. Ne3 Rb8 28. h4 Qe8 29. g3 Nd7 30. Nd5 c6 31. Ne3 b5 32. Rad1 Qe6 
33. Rd2 Nb6 34. cxb5 Rxb5 35. Rf2 Rc5 36. Qd3 d5 37. Rfe2 dxe4 38. Qxe4 Rb5 
39. Kg1 Rb7 40. g4 Nd5 41. Nxd5 cxd5 42. Qxe5+ Qxe5 43. Rxe5 Rxb2 44. Rexd5 Rxd2 
45. Rxd2 hxg4 46. fxg4 Rb1+ 47. Kf2 Rc1 48. Kf3 Rxc3+ 49. Kg2 a3 50. Kf2 Rc4 
51. Kf3 Kf6 52. Rd3 Ke6 53. Rxa3 f5 54. g5 Rxh4 55. Ra6+ Kd5 56. Rxg6 Rg4 
57. a3 Ra4 58. Rb6 Ke5 59. g6 Rxa3+ 60. Kf2 Ra2+ 61. Ke3 f4+ 62. Kf3 Ra3+ 
1/2-1/2

[Event "Tuesday 24 April Rapid Engine Tour 12+1 Rounds 9 Starts 1600ST"]
[Site "Infinity Chess"]
[Date "2018.4.24"]
[Round "3"]
[White "Time_bandit"]
[Black "star99"]
[Result "1/2-1/2"]
[ECO "B32"]
[WhiteElo "2465"]
[BlackElo "2473"]
[WhiteEngine "asmFishW_2018-04-11_bmi2"]
[BlackEngine "Cryptic Heroes 9.4B"]
[EventType "Swiss"]
[WhiteTeam ""]
[BlackTeam ""]
[PlyCount "158"]
[TimeControl "720+1"]

1. e4 c5 2. Nf3 Nc6 3. d4 cxd4 4. Nxd4 e5 5. Nb5 d6 6. N1c3 a6 7. Na3 b5 
8. Nd5 Nf6 9. Bg5 Be7 10. Bxf6 Bxf6 11. c3 O-O 12. Nc2 Be6 13. a4 bxa4 
14. Rxa4 a5 15. Bc4 Bg5 16. O-O Ne7 17. Nce3 Nc8 18. Ra2 Nb6 19. Nxb6 Bxe3 
20. Bxe6 Bxb6 21. Bd5 Rb8 22. Kh1 Kh8 23. Qe2 g6 24. Raa1 Qg5 25. Rad1 Bc5 
26. Rd3 Kg7 27. b3 f5 28. exf5 Qxf5 29. f3 Qf4 30. Rb1 Qh6 31. Ra1 e4 
32. Qxe4 Rbe8 33. Qg4 Re3 34. Rdd1 Rxc3 35. Rxa5 Rf5 36. Be4 Rf8 37. Bd5 Rf5 
38. Raa1 Qh5 39. Qxh5 Rxh5 40. Rab1 Bb4 41. Ra1 Bc5 42. Rab1 Bb4 43. h3 Re5 
44. Ra1 Bc5 45. Ra2 Rce3 46. Kh2 Re1 47. Raa1 Bg1+ 48. Kh1 Bf2+ 49. Rxe1 Rxe1+ 
50. Rxe1 Bxe1 51. Kg1 Kf6 52. Kf1 Bg3 53. b4 Ke5 54. Bg8 h6 55. b5 d5 
56. Ke2 Kd6 57. b6 g5 58. b7 Kc6 59. Kd3 h5 60. b8=Q Bxb8 61. Kd4 Bg3 
62. Bxd5+ Kc7 63. Bf7 h4 64. Ke4 Bf4 65. Kf5 Kc6 66. Be8+ Kd5 67. Kg4 Kd4 
68. Bg6 Kc5 69. Kh5 Kd4 70. Be4 Ke3 71. Bd5 Kf2 72. Be4 Kxg2 73. Kg4 Kh2 
74. Bc6 Bc1 75. Bd5 Bf4 76. Be4 Be3 77. Bd5 Bf4 78. Ba2 Bc1 79. Bd5 Bf4 1/2-1/2

[Event "Tuesday 24 April Rapid Engine Tour 12+1 Rounds 9 Starts 1600ST"]
[Site "Infinity Chess"]
[Date "2018.4.24"]
[Round "3"]
[White "Longin"]
[Black "Thinker"]
[Result "1/2-1/2"]
[ECO "C50"]
[WhiteElo "2482"]
[BlackElo "2480"]
[WhiteEngine "Raubfisch ME262_GTZ17b1_CTG"]
[BlackEngine "BrainFish_180418_x64_modern_CTG"]
[EventType "Swiss"]
[WhiteTeam ""]
[BlackTeam ""]
[PlyCount "104"]
[TimeControl "720+1"]

1. e4 e5 2. Nf3 Nc6 3. Bc4 Bc5 4. O-O Nf6 5. d3 d6 6. c3 O-O 7. Re1 a5 
8. Nbd2 h6 9. Nf1 Be6 10. Bb5 Ne7 11. d4 Bb6 12. Be3 exd4 13. Bxd4 Bxd4 
14. Nxd4 Ng6 15. Ne3 c6 16. Nxe6 fxe6 17. Bc4 d5 18. exd5 cxd5 19. Bb3 Qb6 
20. Qc2 Ne7 21. a3 Kh8 22. Ba2 Ne4 23. f3 Nf5 24. Qe2 Nf6 25. Rab1 Ra6 
26. Qf2 Nxe3 27. Qxe3 Rc8 28. Kf1 Qxe3 29. Rxe3 Rb6 30. Re2 g5 31. g3 Kg7 
32. Rd1 Rc5 33. Kg2 e5 34. h3 a4 35. Rdd2 Re6 36. Bb1 Re8 37. Kf2 Kf7 
38. Re1 Ke6 39. Rd4 b5 40. Rb4 Rb8 41. Bd3 Ne8 42. h4 Nd6 43. hxg5 hxg5 
44. Rh1 Rf8 45. Kg2 Nc4 46. Rh6+ Rf6 47. Rh8 Ne3+ 48. Kf2 Nc4 49. Ke2 Nd6 
50. Rh7 Rf7 51. Rh6+ Rf6 52. Rh7 Rf7 1/2-1/2

[Event "Tuesday 24 April Rapid Engine Tour 12+1 Rounds 9 Starts 1600ST"]
[Site "Infinity Chess"]
[Date "2018.4.24"]
[Round "3"]
[White "Murx"]
[Black "quicksilver"]
[Result "1/2-1/2"]
[ECO "B30"]
[WhiteElo "2507"]
[BlackElo "2647"]
[WhiteEngine "asmFishW_2018-04-07_popcnt"]
[BlackEngine "Cryptic Heroes 9.4B"]
[EventType "Swiss"]
[WhiteTeam ""]
[BlackTeam ""]
[PlyCount "228"]
[TimeControl "720+1"]

1. e4 c5 2. Nf3 Nc6 3. Nc3 e5 4. Bc4 Be7 5. d3 d6 6. Nd2 Nf6 7. Nf1 Bg4 
8. f3 Be6 9. Ne3 O-O 10. O-O Rc8 11. Bd2 Nh5 12. Ncd5 Bg5 13. g3 Bxe3+ 
14. Bxe3 Ne7 15. Bg5 Bxd5 16. Bxd5 h6 17. Bxe7 Qxe7 18. a4 Nf6 19. Bc4 Qd7 
20. Re1 a6 21. a5 Rfe8 22. Re2 Rcd8 23. c3 Re7 24. Qa4 Qh3 25. Rf1 Rc8 
26. Qb3 Qd7 27. Kg2 Rc7 28. Ra1 Re8 29. Qa4 Qe7 30. Rf1 Rd8 31. Qb3 Qd7 
32. Ref2 Kh7 33. Re2 Kg8 34. Rd1 Nh7 35. Rf2 Nf6 36. Re1 Qc6 37. Rfe2 Qd7 
38. Qa3 Qe7 39. Bb3 Nh5 40. Qa1 Nf6 41. Rf1 Re8 42. Ba4 Rb8 43. Bb3 Re8 
44. Qd1 Qd8 45. Qb1 Ree7 46. Rfe1 Rc6 47. Qa2 Rc8 48. Qa3 Rec7 49. Rf1 Rd7 
50. Qa4 Rcc7 51. Rfe1 Rc6 52. Rf2 Rcc7 53. Rff1 Rc8 54. Re2 Rcc7 55. Rh1 Nh5 
56. Qa1 Qg5 57. Kf2 Rc8 58. Bc4 Qd8 59. Kg2 Qg5 60. Kf2 Qe7 61. Rf1 Nf6 
62. Kg2 Rdc7 63. Rh1 Rd8 64. Rhe1 Re8 65. Qc1 Qd7 66. Qc2 Qe7 67. Rf1 Qd7 
68. Ra1 Rd8 69. Qa4 Qe7 70. Rb1 Rdc8 71. b3 Qd8 72. b4 cxb4 73. cxb4 Nd7 
74. b5 Nc5 75. Qa2 axb5 76. Rxb5 Ra8 77. Qb1 Qe7 78. Bd5 Ne6 79. Ra2 Nd8 
80. Rab2 Kh7 81. Qa2 Qd7 82. Qb3 Ra7 83. Qb4 Ne6 84. Bxe6 Qxe6 85. Qb3 Qc8 
86. d4 f6 87. Rd2 Rc3 88. Qb2 exd4 89. Rd5 d3 90. Rxd6 Qc4 91. Rd7 Rc2 
92. Rxc2 Qxc2+ 93. Qxc2 dxc2 94. Rc7 b6 95. Rxc2 bxa5 96. Ra2 a4 97. Ra3 g5 
98. Kf2 Kg7 99. Ke3 Kf7 100. Kd3 Ke6 101. Kd4 Kd6 102. f4 g4 103. Kc4 Re7 
104. Rd3+ Kc6 105. Re3 Rd7 106. e5 fxe5 107. Rxe5 Rd2 108. Re6+ Kb7 109. Rxh6 a3 
110. Rh7+ Ka6 111. Rh6+ Ka7 112. Rh7+ Ka6 113. Rh6+ Ka7 114. Rh7+ Ka6 1/2-1/2

[Event "Tuesday 24 April Rapid Engine Tour 12+1 Rounds 9 Starts 1600ST"]
[Site "Infinity Chess"]
[Date "2018.4.24"]
[Round "3"]
[White "Deep_Impact"]
[Black "CrapCleaner"]
[Result "1/2-1/2"]
[ECO "C55"]
[WhiteElo "2452"]
[BlackElo "2468"]
[WhiteEngine "BrainFish_180411_x64_bmi2"]
[BlackEngine "Raubfisch ME262_GTZ17b1_CTG"]
[EventType "Swiss"]
[WhiteTeam ""]
[BlackTeam ""]
[PlyCount "216"]
[TimeControl "720+1"]

1. e4 e5 2. Nf3 Nc6 3. Bc4 Nf6 4. d3 Bc5 5. c3 O-O 6. O-O d6 7. Re1 a5 
8. Nbd2 h6 9. Nf1 Be6 10. Bb5 Ne7 11. d4 exd4 12. cxd4 Bb6 13. Ng3 Bg4 
14. Be3 d5 15. e5 Ne4 16. h3 Bxf3 17. Qxf3 Nxg3 18. fxg3 c6 19. Bd3 f6 
20. e6 Qd6 21. Re2 f5 22. Kh1 Bc7 23. Bf4 Qd8 24. Rf1 Rf6 25. h4 Bxf4 
26. Qxf4 Qb8 27. Qe3 Qd6 28. g4 f4 29. Qf3 Rxe6 30. Rxe6 Qxe6 31. Qxf4 Ng6 
32. Qg3 Re8 33. g5 hxg5 34. Qxg5 Nf8 35. Qf4 Nh7 36. h5 Qf6 37. Bf5 Nf8 
38. Rf3 Qh6 39. Qxh6 gxh6 40. Rb3 Re7 41. Kh2 Kf7 42. Kh3 a4 43. Rf3 Kg7 
44. Ra3 Kf6 45. Bg4 Ne6 46. Bxe6 Rxe6 47. Rxa4 Kg5 48. Ra8 Re3+ 49. g3 Kxh5 
50. Rg8 b5 51. Rg7 Rf3 52. Kg2 Re3 53. Kh3 Rd3 54. Rg8 Rf3 55. Kg2 Re3 
56. Kf2 Rd3 57. Rc8 Rxd4 58. Rxc6 Rd2+ 59. Kf3 Rxb2 60. Rd6 b4 61. Rxd5+ Kg6 
62. Rd6+ Kg5 63. Rd5+ Kg6 64. Rd6+ Kf5 65. Rxh6 Rxa2 66. g4+ Kg5 67. Rh5+ Kg6 
68. Kg3 Ra6 69. Kf4 b3 70. Rb5 Ra2 71. Rb6+ Kg7 72. Rxb3 Ra6 73. Kg3 Rg6 
74. Rb7+ Kh6 75. Rb8 Kg5 76. Rb5+ Kh6 77. Rb4 Kg7 78. Rb7+ Kh6 79. Rb1 Kg7 
80. Ra1 Kh7 81. Rh1+ Kg7 82. Ra1 Re6 83. Ra2 Kh7 84. Rb2 Rf6 85. Rb8 Rc6 
86. Rb5 Rf6 87. Rb7+ Kg6 88. Kh4 Ra6 89. Rb3 Re6 90. Rb7 Rd6 91. Rb8 Kg7 
92. Rb7+ Kg6 93. Re7 Rb6 94. Re4 Kg7 95. Re7+ Kf6 96. Rh7 Kg6 97. Rc7 Ra6 
98. Rc2 Rb6 99. Rc8 Kh7 100. Rc7+ Kg6 101. Re7 Rb5 102. Re6+ Kh7 103. Rd6 Kg7 
104. Rd7+ Kg6 105. Re7 Ra5 106. Rc7 Ra6 107. Rc4 Kg7 108. Rc7+ Kg6 1/2-1/2

[Event "Tuesday 24 April Rapid Engine Tour 12+1 Rounds 9 Starts 1600ST"]
[Site "Infinity Chess"]
[Date "2018.4.24"]
[Round "3"]
[White "Susanne"]
[Black "Harry_Potter"]
[Result "1/2-1/2"]
[ECO "C53"]
[WhiteElo "2550"]
[BlackElo "2502"]
[WhiteEngine "asmFishW_IX_bmi2_CTG"]
[BlackEngine "Stockfish_x64_bmi2_CTG"]
[EventType "Swiss"]
[WhiteTeam ""]
[BlackTeam ""]
[PlyCount "132"]
[TimeControl "720+1"]

1. e4 e5 2. Nf3 Nc6 3. Bc4 Bc5 4. c3 Nf6 5. d3 d6 6. O-O O-O 7. Re1 a5 8. h3 h6 
9. Nbd2 Be6 10. Bb5 Qb8 11. Nf1 Qa7 12. Be3 Bxe3 13. Nxe3 Ne7 14. a4 Ng6 
15. Bc4 Bxc4 16. Nxc4 Qa6 17. g3 Rfe8 18. Ne3 Qc6 19. Qb3 b6 20. Qc4 Qd7 
21. Kg2 Nf8 22. Qb5 c6 23. Qb3 Qc7 24. Qc2 Rad8 25. b4 N8d7 26. Rab1 g6 
27. Qd2 Kg7 28. h4 Re6 29. Qc2 Rc8 30. Rh1 Rh8 31. bxa5 bxa5 32. h5 Nxh5 
33. Nf5+ gxf5 34. exf5 Ree8 35. Rxh5 Nf6 36. Rh4 Qd7 37. c4 Qxf5 38. Rb6 Qc8 
39. Qb2 Nd7 40. Rb3 Nc5 41. Ra3 Qf5 42. Qc3 Ne6 43. d4 Ng5 44. Qxa5 Ra8 
45. Qc7 Rxa4 46. Qxd6 Rxa3 47. Qxa3 Ra8 48. Qe3 Qxf3+ 49. Qxf3 Nxf3 
50. Kxf3 exd4 51. Rxd4 Ra4 52. g4 c5 53. Re4 f6 54. Kg2 f5 55. gxf5 Kf6 
56. Rh4 Kg5 57. Kg3 Ra3+ 58. f3 Ra4 59. f4+ Kxf5 60. Rh5+ Kg6 61. Rxc5 h5 
62. Rg5+ Kf6 63. Rxh5 Rxc4 64. Kg4 Rc8 65. Rf5+ Kg6 66. Ra5 Rc1 1/2-1/2

[Event "Tuesday 24 April Rapid Engine Tour 12+1 Rounds 9 Starts 1600ST"]
[Site "Infinity Chess"]
[Date "2018.4.24"]
[Round "2"]
[White "firestar"]
[Black "NINJA_JENGKA"]
[Result "1/2-1/2"]
[ECO "C77"]
[WhiteElo "2052"]
[BlackElo "2388"]
[WhiteEngine "Cryptic Heroes 9.4B"]
[BlackEngine "Houdini 6"]
[EventType "Swiss"]
[WhiteTeam ""]
[BlackTeam ""]
[PlyCount "120"]
[TimeControl "720+1"]

1. e4 e5 2. Nf3 Nc6 3. Bb5 a6 4. Ba4 Nf6 5. d3 Bc5 6. O-O b5 7. Bb3 d6 8. c3 O-O 
9. Nbd2 Bb6 10. a4 Bd7 11. Bc2 Ne7 12. a5 Ba7 13. Re1 c5 14. Nf1 h6 15. h3 Ng6 
16. Ne3 Rc8 17. Nh2 Nf4 18. Nf5 d5 19. Bxf4 exf4 20. Nd6 Rc6 21. e5 Ne8 
22. Nxe8 Rxe8 23. Qd2 Be6 24. Qxf4 Rc8 25. Re2 d4 26. Nf3 c4 27. Nxd4 Bxd4 
28. Qxd4 Qxd4 29. cxd4 c3 30. b4 Red8 31. f3 Bf5 32. g4 Bh7 33. e6 fxe6 
34. Bb3 Kf8 35. Bxe6 Rc7 36. d5 Bxd3 37. Re3 c2 38. Rc1 Bh7 39. f4 Bg8 
40. Bxg8 Kxg8 41. Rd3 Rc4 42. d6 Rxb4 43. Rxc2 Rc4 44. Rf2 b4 45. Kg2 Rc3 
46. Rfd2 Kf7 47. d7 Ra3 48. Rxa3 bxa3 49. f5 Ke7 50. Ra2 Rxd7 51. Rxa3 Rd5 
52. h4 h5 53. Re3+ Kf8 54. Kg3 hxg4 55. h5 Rxf5 56. Kxg4 Rxa5 57. Re6 Ra3 
58. h6 gxh6 59. Rxh6 Ke7 60. Kf4 a5 1/2-1/2

[Event "Tuesday 24 April Rapid Engine Tour 12+1 Rounds 9 Starts 1600ST"]
[Site "Infinity Chess"]
[Date "2018.4.24"]
[Round "2"]
[White "angriff"]
[Black "MedusaV3"]
[Result "1/2-1/2"]
[ECO "A40"]
[WhiteElo "2395"]
[BlackElo "2433"]
[WhiteEngine "DracoREX 3.07 64BIT POPCNT_CTG"]
[BlackEngine "Eman 1.70-beta23 64-bit BMI2_CTG"]
[EventType "Swiss"]
[WhiteTeam ""]
[BlackTeam ""]
[PlyCount "169"]
[TimeControl "720+1"]

1. d4 e6 2. e4 d5 3. Nc3 Nf6 4. e5 Nfd7 5. f4 c5 6. Nf3 Nc6 7. Be3 cxd4 
8. Nxd4 Bc5 9. Qd2 O-O 10. g3 Rb8 11. a3 Qe7 12. Be2 a6 13. O-O Nxd4 14. Bxd4 b5 
15. Na2 Nb6 16. Qe3 Bxd4 17. Qxd4 Qc7 18. Rfe1 Bb7 19. Nc1 Rfc8 20. c3 Nc4 
21. Rb1 a5 22. Rd1 Bc6 23. Nd3 Qe7 24. h3 h6 25. Bf3 g6 26. Ra1 h5 27. g4 Qh4 
28. Kg2 b4 29. axb4 axb4 30. Nxb4 Nxb2 31. Rdb1 Nc4 32. Nxc6 Rxb1 33. Rxb1 hxg4 
34. hxg4 Rxc6 35. Be2 Qe7 36. Rb8+ Kg7 37. Qf2 g5 38. Qg1 Qc7 39. Re8 Qd7 
40. Rb8 d4 41. Qxd4 Qxd4 42. cxd4 Ne3+ 43. Kg3 Rc3 44. fxg5 Nc2+ 45. Kf4 Nxd4 
46. Rb2 Nc6 47. Bb5 Ne7 48. Ke4 Rg3 49. Be2 Nd5 50. Bf3 Rg1 51. Kd4 Nf4 
52. Rb3 Ng6 53. Rc3 Nf4 54. Ra3 Ng6 55. Re3 Nh4 56. Be2 Kg6 57. Rh3 Kxg5 
58. Ke4 Ra1 59. Rh2 Ra4+ 60. Ke3 Rb4 61. Bd1 Rb5 62. Ke4 Rb4+ 63. Ke3 Rb5 
64. Ke4 Rb8 65. Rf2 Rf8 66. Be2 Ng6 67. Rf1 Kh6 68. Rf6 Kg7 69. Bc4 Re8 
70. g5 Rc8 71. Bxe6 fxe6 72. Rxe6 Rb8 73. Kf3 Rb5 74. Ke4 Rb3 75. Ra6 Rb7 
76. Kf5 Ne7+ 77. Ke6 Ng6 78. Kd6 Rb8 79. e6 Kg8 80. e7 Kf7 81. Kc7 Rg8 
82. e8=Q+ Rxe8 83. Ra1 Re6 84. Rb1 Nf4 85. Rf1 1/2-1/2

[Event "Tuesday 24 April Rapid Engine Tour 12+1 Rounds 9 Starts 1600ST"]
[Site "Infinity Chess"]
[Date "2018.4.24"]
[Round "2"]
[White "SkyPilot"]
[Black "KQRBNP"]
[Result "1-0"]
[ECO "C53"]
[WhiteElo "2441"]
[BlackElo "2380"]
[WhiteEngine "stockfish_x64_bmi2_2018_04_07_CTG"]
[BlackEngine "Eman 1.70-beta25 64-bit POPCNT"]
[EventType "Swiss"]
[WhiteTeam ""]
[BlackTeam ""]
[PlyCount "137"]
[TimeControl "720+1"]

1. e4 e5 2. Nf3 Nc6 3. Bc4 Bc5 4. c3 Nf6 5. d3 O-O 6. O-O d6 7. h3 a5 
8. Nbd2 Ba7 9. Re1 Be6 10. Bb5 Ne7 11. d4 Ng6 12. Ba4 Nh5 13. Nf1 exd4 
14. cxd4 Nhf4 15. Bc2 c6 16. h4 Qd7 17. N3h2 f5 18. h5 Nxg2 19. Kxg2 Nh4+ 
20. Kg1 f4 21. a4 Rae8 22. Ra3 Qe7 23. Kh1 h6 24. Rd3 d5 25. e5 Bf5 26. Rc3 Bd7 
27. Rb3 Bc8 28. Bb1 Qf7 29. Ng4 Kh8 30. Rh3 Qxh5 31. Nfh2 Bxd4 32. Rg1 Bb6 
33. Nf3 Bxg4 34. Rxg4 Qxg4 35. Rxh4 Qe6 36. Bxf4 Rf5 37. Qg1 Ref8 38. Qh2 Rxf4 
39. Rxf4 Rxf4 40. Qxf4 Bc5 41. Bf5 Qe7 42. Qg4 g5 43. Qh5 Kg8 44. Qxh6 Qg7 
45. Be6+ Kf8 46. Qf6+ Qxf6 47. exf6 Ke8 48. Ne5 Kd8 49. Kg2 Kc7 50. Nd7 Bd6 
51. f7 b6 52. Bg4 b5 53. axb5 cxb5 54. f8=Q Bxf8 55. Nxf8 Kd6 56. f4 Ke7 
57. Ne6 b4 58. fxg5 Kd6 59. g6 Ke7 60. Bh5 Kxe6 61. g7 Ke5 62. g8=Q Kd6 
63. Kf3 Kc5 64. Qc8+ Kd4 65. Kf4 Kd3 66. Bg6+ Kd4 67. Qc6 a4 68. Qb5 a3 
69. Qxb4# 1-0

[Event "Tuesday 24 April Rapid Engine Tour 12+1 Rounds 9 Starts 1600ST"]
[Site "Infinity Chess"]
[Date "2018.4.24"]
[Round "2"]
[White "blindfoldchess"]
[Black "draxlord"]
[Result "1/2-1/2"]
[ECO "A50"]
[WhiteElo "2443"]
[BlackElo "2440"]
[WhiteEngine "Cryptic Heroes 9.4B"]
[BlackEngine "Cryptic Heroes 9.4B"]
[EventType "Swiss"]
[WhiteTeam ""]
[BlackTeam ""]
[PlyCount "165"]
[TimeControl "720+1"]

1. d4 Nf6 2. c4 c6 3. Nf3 d5 4. e3 Bf5 5. Bd3 e6 6. O-O g6 7. Be2 Nbd7 
8. Nbd2 h5 9. b3 Ne4 10. Nxe4 Bxe4 11. Bb2 Bg7 12. Re1 O-O 13. Nd2 Bf5 
14. Nf1 Re8 15. Ng3 Bf8 16. c5 a5 17. Bf1 Nf6 18. f3 Nd7 19. Rc1 Qg5 20. Qd2 h4 
21. Nxf5 exf5 22. Rcd1 Re6 23. Qf2 Bh6 24. Bc1 Qe7 25. Bd3 h3 26. gxh3 Bg5 
27. Re2 Re8 28. f4 Bf6 29. Bd2 Kf8 30. Kf1 Bh4 31. Qf3 Nf6 32. Kg1 Kg7 
33. Qg2 Kh8 34. Rb1 Ra8 35. Rf1 Qc7 36. Kh1 Rae8 37. Qg1 b6 38. Rc1 Ne4 
39. cxb6 Qxb6 40. Be1 Bxe1 41. Qxe1 Nf6 42. Rc5 Qb4 43. Qc1 Qb7 44. Rxa5 Nh5 
45. Qe1 Qe7 46. Rc5 Rxe3 47. Rxe3 Qxe3 48. Qxe3 Rxe3 49. Bf1 Re1 50. Kg1 Ra1 
51. a4 Nxf4 52. Rxc6 Nxh3+ 53. Kg2 Nf4+ 54. Kf2 Ne6 55. Rc2 Kg7 56. Bg2 Nf4 
57. h4 Ra3 58. Rd2 Kf6 59. Kg3 Nh5+ 60. Kf2 Nf4 61. Kg3 Nh5+ 62. Kf2 Ke6 
63. Bf3 Rxb3 64. Re2+ Kd6 65. Bxh5 gxh5 66. Re5 Rb2+ 67. Ke3 f4+ 68. Kxf4 Rb4 
69. Rxh5 Rxd4+ 70. Kg5 Ke5 71. a5 Ra4 72. Rh8 Rxa5 73. Rf8 Ke6 74. Re8+ Kd7 
75. Re1 d4+ 76. Kf4 d3 77. Kg4 Rd5 78. Rd1 d2 79. Kf4 f6 80. Ke3 f5 81. h5 f4+ 
82. Kxf4 Rxh5 83. Rxd2+ 1/2-1/2

[Event "Tuesday 24 April Rapid Engine Tour 12+1 Rounds 9 Starts 1600ST"]
[Site "Infinity Chess"]
[Date "2018.4.24"]
[Round "2"]
[White "juggernaut"]
[Black "crossbones"]
[Result "1/2-1/2"]
[ECO "B30"]
[WhiteElo "2444"]
[BlackElo "2451"]
[WhiteEngine "Cryptic Heroes 9.4B"]
[BlackEngine "Cryptic Heroes 9.4B"]
[EventType "Swiss"]
[WhiteTeam ""]
[BlackTeam ""]
[PlyCount "159"]
[TimeControl "720+1"]

1. e4 c5 2. Nf3 Nc6 3. Bb5 e6 4. O-O Nge7 5. d4 cxd4 6. Nxd4 Qb6 7. Nxc6 dxc6 
8. Bd3 Ng6 9. a4 e5 10. Bc4 Be7 11. c3 O-O 12. Be3 Qc7 13. Nd2 Nf4 14. Qf3 Rd8 
15. Rfd1 g6 16. a5 h5 17. h3 Kg7 18. b4 Rh8 19. Qg3 Rd8 20. Qf3 Rh8 21. Qg3 Bd7 
22. Nf3 h4 23. Bxf4 exf4 24. Rxd7 Qxd7 25. Qxf4 Rhf8 26. e5 Rad8 27. Nd4 Qc7 
28. Rb1 b5 29. axb6 axb6 30. Qe3 c5 31. bxc5 Qxc5 32. Qe4 Kh7 33. Bb3 b5 
34. Bc2 Qxc3 35. Ne6 Rd2 36. Nxf8+ Bxf8 37. Bb3 Rd4 38. Qe1 Qd3 39. Bxf7 Qf5 
40. e6 Be7 41. Be8 Re4 42. Qa5 Bc5 43. Qc7+ Kh6 44. Qf7 Qg5 45. Qg8 Qf6 
46. Qf7 Rxe6 47. Qxf6 Rxf6 48. Bxb5 Rxf2 49. Kh1 Rc2 50. Bc6 Bf2 51. Bf3 Kg5 
52. Be4 Rc4 53. Bd3 Rc3 54. Be4 Rc4 55. Bd5 Rd4 56. Bf3 Rd3 57. Kh2 Kh6 
58. Be2 Re3 59. Bc4 Rc3 60. Be2 Re3 61. Bg4 Rd3 62. Rd1 Ra3 63. Be6 Bc5 
64. Rb1 Rd3 65. Kh1 Rd2 66. Bc4 Kg7 67. Rf1 Kh6 68. Rf4 Rd1+ 69. Rf1 Rd2 
70. Kh2 Kg5 71. Rc1 Ba7 72. Kh1 Kh5 73. Rf1 Kg5 74. Bb3 Rf2 75. Rxf2 Bxf2 
76. Bc2 Ba7 77. g3 hxg3 78. h4+ Kg4 79. Kg2 g5 80. hxg5 1/2-1/2

[Event "Tuesday 24 April Rapid Engine Tour 12+1 Rounds 9 Starts 1600ST"]
[Site "Infinity Chess"]
[Date "2018.4.24"]
[Round "2"]
[White "ironchess"]
[Black "mcstar"]
[Result "1/2-1/2"]
[ECO "A46"]
[WhiteElo "2469"]
[BlackElo "2476"]
[WhiteEngine "Cryptic Heroes 9.4B"]
[BlackEngine "Cryptic Heroes 9.4B"]
[EventType "Swiss"]
[WhiteTeam ""]
[BlackTeam ""]
[PlyCount "103"]
[TimeControl "720+1"]

1. d4 Nf6 2. Nf3 e6 3. c4 b6 4. a3 Bb7 5. Bf4 Ne4 6. Nbd2 Nxd2 7. Qxd2 d6 
8. Qc2 Nd7 9. Rd1 Be7 10. e4 g5 11. Bc1 g4 12. Nd2 c5 13. d5 Bf6 14. Be2 h5 
15. O-O Qe7 16. b4 O-O-O 17. bxc5 Nxc5 18. a4 Be5 19. Bb2 Qf6 20. Bxe5 Qxe5 
21. a5 f5 22. Qb1 Kc7 23. Qb5 fxe4 24. axb6+ axb6 25. Rb1 Nd7 26. c5 Qxd5 
27. cxd6+ Kb8 28. Nc4 Qxb5 29. Rxb5 Ba6 30. Rb4 Bxc4 31. Bxc4 Rh6 32. Be2 Kb7 
33. Rxe4 Nc5 34. Rb4 Rxd6 35. f3 gxf3 36. Bxf3+ Kc7 37. Rh4 e5 38. Rc1 Rd2 
39. Rxh5 Rxh5 40. Bxh5 Kd6 41. Rb1 e4 42. Rxb6+ Ke5 43. Bg4 Kf4 44. Bh5 Nd3 
45. g3+ Ke3 46. h4 Rc2 47. Bg4 Rc1+ 48. Kg2 Rc2+ 49. Kf1 Rc1+ 50. Kg2 Rc2+ 
51. Kf1 Rc1+ 52. Kg2 1/2-1/2

[Event "Tuesday 24 April Rapid Engine Tour 12+1 Rounds 9 Starts 1600ST"]
[Site "Infinity Chess"]
[Date "2018.4.24"]
[Round "2"]
[White "stormbreaker990"]
[Black "OlivierEvan"]
[Result "1/2-1/2"]
[ECO "B23"]
[WhiteElo "2483"]
[BlackElo "2409"]
[WhiteEngine "Cryptic Heroes 9.4B"]
[BlackEngine "Houdini 6"]
[EventType "Swiss"]
[WhiteTeam ""]
[BlackTeam ""]
[PlyCount "134"]
[TimeControl "720+1"]

1. e4 c5 2. Nc3 d6 3. Nge2 Nf6 4. d4 cxd4 5. Nxd4 a6 6. h3 e5 7. Nb3 Be6 
8. f4 Nbd7 9. g4 Rc8 10. f5 Bxb3 11. axb3 Rxc3 12. bxc3 Nxe4 13. h4 Be7 
14. g5 Qb6 15. Qf3 d5 16. Bb2 h6 17. Bd3 Nd6 18. Qxd5 hxg5 19. O-O-O Qc5 
20. Qxc5 Nxc5 21. hxg5 Bxg5+ 22. Kb1 Rxh1 23. Rxh1 Nxd3 24. cxd3 Nxf5 
25. Rh8+ Kd7 26. Rb8 Kc6 27. Rf8 f6 28. Rf7 a5 29. c4 Bf4 30. Ba3 Bh6 31. Be7 b6 
32. Bd8 Be3 33. Ra7 Kd6 34. Bc7+ Kc5 35. Ka2 Kc6 36. Bb8 Kc5 37. Kb2 Bd4+ 
38. Ka3 Bf2 39. Rd7 Bg1 40. Ka4 Be3 41. Ba7 Kc6 42. Rf7 Kc5 43. Rd7 Bd4 
44. Bb8 Be3 45. Bc7 Kc6 46. Rf7 Nd4 47. Bb8 Ne6 48. b4 axb4 49. Kxb4 Bd4 
50. Ka3 Be3 51. Kb2 Bc5 52. Kc2 Nd4+ 53. Kd2 Bb4+ 54. Kc1 Ba3+ 55. Kd1 Ne6 
56. Ba7 Bd6 57. Kd2 Kc5 58. Ke3 Bc7 59. Kd2 Kc6 60. Re7 Kd6 61. Rf7 Kc5 
62. Kc3 Kc6 63. Re7 Kd6 64. Rf7 Kc5 65. Re7 Kd6 66. Rf7 Kc6 67. Re7 Kd6 1/2-1/2

[Event "Tuesday 24 April Rapid Engine Tour 12+1 Rounds 9 Starts 1600ST"]
[Site "Infinity Chess"]
[Date "2018.4.24"]
[Round "2"]
[White "IronMan"]
[Black "Vimtiroba"]
[Result "1/2-1/2"]
[ECO "D30"]
[WhiteElo "2433"]
[BlackElo "2423"]
[WhiteEngine "Eman 170b23-EXP3"]
[BlackEngine "AsmFish A10_CTG"]
[EventType "Swiss"]
[WhiteTeam ""]
[BlackTeam ""]
[PlyCount "122"]
[TimeControl "720+1"]

1. d4 d5 2. c4 e6 3. Nf3 Nf6 4. Nc3 c6 5. e3 Nbd7 6. Bd3 dxc4 7. Bxc4 b5 
8. Be2 Bb7 9. O-O Be7 10. a3 a5 11. b3 O-O 12. Bb2 b4 13. axb4 axb4 14. Na4 c5 
15. Nd2 cxd4 16. Bxd4 Qb8 17. Bf3 Bxf3 18. Nxf3 Rd8 19. Nd2 Ne8 20. Qg4 Ndf6 
21. Qe2 Nd5 22. Rac1 Bf6 23. Bxf6 Nexf6 24. h3 h6 25. Rc4 Nd7 26. Rfc1 N7b6 
27. Nxb6 Nxb6 28. Rxb4 Ra2 29. Rd1 Qc7 30. Qe1 Qc5 31. Rd4 Rxd4 32. exd4 Qc2 
33. b4 Qc3 34. Nf3 Qxe1+ 35. Rxe1 Rb2 36. h4 Nd5 37. Ra1 Rxb4 38. g3 Rb7 
39. Ra8+ Kh7 40. Ne5 g5 41. hxg5 hxg5 42. Kg2 Kh6 43. Kf3 Rc7 44. Ra6 Kh7 
45. Kg2 Nf6 46. Rc6 Ra7 47. Rc8 Kh6 48. Rh8+ Kg7 49. Rd8 Nd5 50. Rd7 Rxd7 
51. Nxd7 f6 52. Kf3 Kf7 53. Nc5 Ke7 54. Ke2 g4 55. f3 gxf3+ 56. Kxf3 Nc3 
57. g4 Nd5 58. Ke4 Kd6 59. Kd3 e5 60. dxe5+ Kxe5 61. Ne4 Nf4+ 1/2-1/2